AoeStats
← кислород

Arabia

509570857Analyzed
1v1 RM · 5d ago on Sep 27, 2026· 66m 34s· 2 players
Game mode
Random Map
Map size
Tiny (2 player)
Population
200
Speed
Normal
Resources
Standard
Victory
Conquest
Starting age
Dark Age
Ending age
Imperial Age
RankedLock teamsTeams togetherTeam positionsShared explorationLock speedFull tech treeHidden civsTurbo modeCheats
Victory
Defeat
🇨🇭 Maya · Switzerland
1913
+25
🇨🇦 Khitans · Canada
2132
-25
кислород
9:53 Loom
12:27 Feudal Age
12:59 Double-Bit Axe
14:41 Forging
16:40 Scale Barding Armor
16:57 Domestication
20:57 Castle Age
21:06 Light Cavalry
22:16 Chain Barding Armor
22:06 Husbandry
22:08 Town Watch
23:48 Iron Casting
31:55 Wheelbarrow
31:32 Bow Saw
37:21 Imperial Age
35:52 Pastoralism
37:04 Fletching
38:10 Ordo Cavalry
38:17 Guilds
39:24 Plate Barding Armor
39:23 Hussar
39:29 Elite Steppe Lancer
43:58 Conscription
45:21 Gold Mining
45:57 Hussar
50:09 Stone Mining
50:36 Hand Cart
57:44 Two-Man Saw
57:01 Hand Cart
56:47 Town Patrol
62:29 Capped Ram
64:06 Siege Ram
GdR_Nataniele05
0:26 Loom
9:24 Feudal Age
10:02 Double-Bit Axe
12:50 Fletching
20:33 Castle Age
19:09 Padded Archer Armor
19:00 Horse Collar
19:34 Gold Mining
20:36 Crossbowman
21:11 Bodkin Arrow
22:30 Bow Saw
28:31 Thumb Ring
31:38 Wheelbarrow
35:48 Imperial Age
34:36 Ballistics
35:33 Hand Cart
35:39 Leather Archer Armor
35:52 Arbalester
37:03 Bracer
39:48 Heavy Plow
41:05 Chemistry
40:52 Conscription
42:21 Ring Archer Armor
42:55 Forging
42:45 Scale Mail Armor
44:37 Iron Casting
43:24 Eagle Warrior
44:59 Chain Mail Armor
44:05 Elite Eagle Warrior
45:47 Holcans
45:24 Squires
48:41 Elite Plumed Archer
50:21 Guilds
52:00 Blast Furnace
51:30 Plate Mail Armor
52:06 Murder Holes
55:53 Pikeman
56:34 Halberdier
63:25 Masonry
65:58 Arson
Connection lost

Rejoining the realm…

Still unreachable

The connection could not be restored.

Session expired

The server has moved on; the page needs a fresh start.